 Dungeon Crawl Stone Soup version 0.22.1-6-g1668fe2c40 (webtiles) character file.

161 Revguard the Chopper (level 5, -1/45 HPs)
             Began as a Minotaur Gladiator on Jan 27, 2019.
             Was an Initiate of Ru.
             Slain by an ogre
             ... wielding a +0 giant spiked club
              (21 damage)
             ... on level 4 of the Dungeon.
             The game lasted 00:12:50 (2696 turns).

Revguard the Chopper (Minotaur Gladiator)           Turns: 2696, Time: 00:12:51

Health: -1/45      AC: 13    Str: 17 (18) XL:     5   Next: 18%
Magic:  4/4        EV: 13    Int:  8 (10) God:    Ru [......]
Gold:   245        SH:  0    Dex: 13 (15) Spells: 4/4 levels left

rFire    . . .     SeeInvis .   k - +4 mace (protect)
rCold    . . .     Gourm    .   (no shield)
rNeg     . . .     Faith    .   q - +0 ring mail
rPois    .         Spirit   .   c - +0 hat
rElec    .         Reflect  .   j - +0 cloak
rCorr    .         Harm     .   (no gloves)
MR       .....     Clarity  +   (no boots)
Stlth    ..........             h - amulet of magic regeneration
HPRegen  0.15/turn              s - ring of attention (curse)
MPRegen  0.34/turn              (no ring)

@: brilliant, protection aura, flying
A: retaliatory headbutt, horns 2, agile 1, clarity
a: Renounce Religion


You were on level 4 of the Dungeon.
You worshipped Ru.
Ru was noncommittal.
You were not hungry.

You visited 1 branch of the dungeon, and saw 4 of its levels.

You collected 245 gold pieces.

Inventory:

Hand Weapons
 a - a +1 war axe
 k - a +4 mace of protection (weapon)
Missiles
 d - 4 throwing nets (quivered)
Armour
 b - a +0 leather armour
 c - a +0 hat (worn)
 j - a +0 cloak (worn)
 q - a +0 ring mail (worn)
Jewellery
 h - an amulet of magic regeneration (around neck)
 s - a cursed ring of attention (left hand)
Wands
 l - a wand of random effects (33)
Scrolls
 e - a scroll of blinking
Comestibles
 f - 6 rations
 m - 3 chunks of flesh


   Skills:
 + Level 3.2 Fighting
 - Level 4.5(4.6) Axes
 + Level 1.0(3.0) Maces & Flails
 - Level 2.0 Throwing
 + Level 3.2 Armour
 + Level 4.4 Dodging


You had 4 spell levels left.
You didn't know any spells.
Your spell library contained the following spells:

 Spells                   Type           Power        Failure   Level  Hunger
 Animate Skeleton         Necr           N/A          9%          1    ##.....
 Apportation              Tloc           #.....       9%          1    ##.....
 Confusing Touch          Hex            #.....       9%          1    ##.....
 Summon Small Mammal      Summ           #...         9%          1    ##.....


Dungeon Overview and Level Annotations

Branches:
Dungeon (4/15)
 Temple: D:4-7

Altars:
Cheibriados
Hepliaklqana
Nemelex Xobeh
Ru


Innate Abilities, Weirdness & Mutations

You reflexively headbutt those who attack you in melee.
You have a pair of horns on your head.
You are agile. (Dex +2)
You possess an exceptional clarity of mind.


Message History

You are confused.
You feel invigorated.
The ogre hits you with a giant spiked club.
You hit the ogre.
Your weapon exudes an aura of protection.
Your headbutt misses the ogre.
The ogre is lightly wounded.
The ogre hits you with a giant spiked club!!
Ouch! That really hurt!
You hit the ogre.
The ogre is moderately wounded.
The ogre hits you with a giant spiked club!
* * * LOW HITPOINT WARNING * * *
You bump into the rock wall.
The ogre misses you.
You bump into the rock wall.
You feel less invigorated.
You feel less confused.
You sock the ogre!
The ogre is heavily wounded.
The ogre hits you with a giant spiked club!!
You die...

.....#....# #.# #........
.#####....########'####
#........ .#
#....##..........#
########' .#
#................# #. .#
##...##..........# #.
#...##..........##########.
#...######'#...............
##### #.###############.
#@# #....... #O# #.....<.
#.# #....... #.# #.......
#.# #....... #.# #######.
... #. ... #. #.


You could see an ogre.

Vanquished Creatures
  Terence (D:3)
  A worker ant (D:4)
  4 gnolls (D:4)
  An adder (D:4)
  3 worms
  2 leopard geckos
  An orc (D:4)
  A giant cockroach (D:4)
  A goblin (D:1)
  4 hobgoblins
  6 jackals (D:4)
  4 kobolds
  3 quokkas
  13 bats
  2 frilled lizards
  A quokka zombie (D:3)
  6 rats
54 creatures vanquished.

Notes
Turn   | Place    | Note
-------+----------+-------------------------------------------
     0 | D:1      | Revguard the Minotaur Gladiator began the quest for the
                  | Orb.
     0 | D:1      | Reached XP level 1. HP: 18/18 MP: 0/0
   148 | D:1      | Reached XP level 2. HP: 21/25 MP: 1/1
   505 | D:2      | Reached skill level 1 in Armour
   564 | D:2      | Found a hazy altar of Hepliaklqana.
   711 | D:2      | Reached XP level 3. HP: 30/30 MP: 2/2
   903 | D:2      | Found a snail-covered altar of Cheibriados.
  1047 | D:3      | Gained mutation: You are agile. (Dex +2) [potion of
                  | mutation]
  1047 | D:3      | Gained mutation: You possess an exceptional clarity of
                  | mind. [potion of mutation]
  1053 | D:3      | Noticed Terence
  1074 | D:3      | Killed Terence
  1314 | D:3      | Reached XP level 4. HP: 37/37 MP: 3/3
  1940 | D:4      | Reached XP level 5. HP: 5/45 MP: 4/4
  1944 | D:4      | Reached skill level 1 in Maces & Flails
  2466 | D:4      | Found a sacrificial altar of Ru.
  2467 | D:4      | Found a sparkling altar of Nemelex Xobeh.
  2477 | D:4      | Became a worshipper of Ru the Awakened
  2686 | D:4      | Noticed an ogre
  2696 | D:4      | Slain by an ogre

Skill      XL: |  1  2  3  4  5 |
---------------+----------------+-----
Axes           | 4 |  4.5
Armour         | 1 3 |  3.2
Dodging        | 4 |  4.4
Fighting       | 3 |  3.2
Maces & Flails | 1 |  1.0
Throwing       | |  2.0

Action                   |  1- 3 |  4- 6 || total
-------------------------+-------+-------++-------
Melee: War axe           |    78 |     6 ||    84
       Headbutt          |     7 |     7 ||    14
       Mace              |       |    43 ||    43
  Use: Scroll            |     9 |       ||     9
       Potion            |     2 |     4 ||     6
 Stab: Held in net/web   |       |     1 ||     1
  Eat: Chunk             |     1 |     1 ||     2
       Ration            |       |     1 ||     1
Armor: Leather armour    |    13 |       ||    13
       Ring mail         |    13 |    20 ||    33
Dodge: Dodged            |    84 |    61 ||   145
